 Dungeon Crawl Stone Soup version 0.25-a0-547-g27a0b5d1ef (webtiles) character file.

Game seed: 8547708680015771218, levelgen mode: classic

3500 EnegeticOcto the Cleaver (level 9, -2/86 HPs)
             Began as a Deep Dwarf Fighter on Feb 21, 2020.
             Was a Believer of Makhleb.
             Slain by a ten-headed hydra (3 damage)
             ... on level 7 of the Dungeon.
             The game lasted 00:03:34 (3806 turns).

EnegeticOcto the Cleaver (Deep Dwarf Fighter)       Turns: 3806, Time: 00:03:34

Health: -2/86      AC: 12    Str: 23    XL:     9   Next: 80%
Magic:  3/3        EV: 10    Int: 13    God:    Makhleb [**....]
Gold:   212        SH:  0    Dex: 12    Spells: 8/8 levels left

rFire    . . .     SeeInvis +   v - +5 battleaxe of Saltpetre {vamp, Int+4 SInv}
rCold    . . .     Gourm    .   (shield currently unavailable)
rNeg     . . .     Faith    .   g - +0 chain mail
rPois    .         Spirit   .   p - +0 helmet
rElec    .         Reflect  .   (no cloak)
rCorr    .         Harm     +   u - +0 pair of gloves
MR       +....                  (no boots)
Stlth    ..........             a - amulet of harm
HPRegen  0.00/turn              (no ring)
MPRegen  0.08/turn              (no ring)

@: non-regenerating, studying Evocations
A: damage resistance, heal wounds, sense surroundings 2, no regeneration
a: Heal Wounds, Minor Destruction, Renounce Religion


You were on level 7 of the Dungeon.
You worshipped Makhleb.
Makhleb was pleased with you.
You were not hungry.

You visited 2 branches of the dungeon, and saw 8 of its levels.
You also visited: Sewer.

You collected 212 gold pieces.

Inventory:

Hand Weapons
 v - the +5 battleaxe of Saltpetre (weapon) {vamp, Int+4 SInv}
   (You took it off a vampire on level 7 of the Dungeon)

   It inflicts no extra harm, but heals its wielder when it wounds a living foe.
   It affects your intelligence (+4).
   It lets you see invisible.
Armour
 g - a +0 chain mail (worn)
 p - a +0 helmet (worn)
 u - a +0 pair of gloves (worn)
Jewellery
 a - an amulet of harm (around neck)
Wands
 t - a wand of flame (19)
Scrolls
 b - 6 scrolls of teleportation {@r2}
 c - a scroll of torment {unknown}
 d - a scroll of fog
 l - 2 scrolls of fear
 m - a scroll of magic mapping {unknown}
 o - 4 scrolls of remove curse {@r6}
 r - a scroll of enchant weapon {unknown}
 s - 6 scrolls of identify {@r1}
Potions
 f - a potion of ambrosia {unknown}
 i - 4 potions of curing {@q1}
 j - a potion of stabbing {@q5}
 k - 3 potions of might {@q3}
 n - 2 potions of heal wounds {@q2}
 q - 2 potions of flight {unknown}
 w - a potion of magic {unknown}
 x - a potion of resistance {unknown}
 z - a potion of cancellation {unknown}
Books
 y - a manual of Evocations
Comestibles
 e - 16 rations
 h - 6 chunks of flesh


   Skills:
 * Level 7.2 Fighting
 * Level 8.3 Axes
 + Level 6.5 Armour
 + Level 5.3 Dodging
   Level 6.3 Shields
 * Level 4.9 Invocations


You had 8 spell levels left.
You didn't know any spells.
Your spell library was empty.

Dungeon Overview and Level Annotations

Branches:
Dungeon (7/15)             Temple (1/1) D:6           Sewer (visited)

Altars:
Cheibriados
Dithmenos
Elyvilon
Hepliaklqana
Kikubaaqudgha
Makhleb
Nemelex Xobeh
Qazlal
Ru
Sif Muna
Trog
Uskayaw
Vehumet
Wu Jian
Zin
The Shining One


Innate Abilities, Weirdness & Mutations

You are resistant to damage.
You can heal yourself by infusing magical energy.
You passively map the area around you.
You do not regenerate.


Message History

q - 2 metallic amethyst potions (gained 1)
You see here a manual of Evocations.
y - a manual of Evocations Eating one of 7 chunks of flesh.
You eat one of the 7 chunks of flesh.
This raw flesh tastes terrible.
You now have 212 gold pieces (gained 7).
z - an emerald potion Unknown command.
Found an encrusted rapier and a metal-bound book.
Found a runed short sword and a glowing war axe.
A hydra and an orc warrior come into view.
The eight-headed hydra roars!
The orc warrior shouts!
You hear a shout!
A centaur skeleton comes into view.
A wight comes into view. It is wielding a +0 mace.
There is an open door here.
There are monsters nearby!
There are monsters nearby!
There are monsters nearby!
There are monsters nearby!
You lop one of the eight-headed hydra's heads off!
The seven-headed hydra grows two more!
You slice the nine-headed hydra!!
The nine-headed hydra is heavily wounded.
You hear an angry hiss.
A quasit comes into view.
The orc warrior hits you from afar with a +0 halberd!
The nine-headed hydra bites you but does no damage. x2
The nine-headed hydra barely misses you.
The nine-headed hydra completely misses you.
The nine-headed hydra bites you.
The nine-headed hydra closely misses you.
The nine-headed hydra barely misses you.
The nine-headed hydra closely misses you.
The nine-headed hydra barely misses you.
A shadow imp comes into view.
You chop one of the nine-headed hydra's heads off!
The eight-headed hydra grows two more!
You slash the ten-headed hydra!
The ten-headed hydra is heavily wounded.
You slash the centaur skeleton!
The orc warrior hits you from afar with a +0 halberd.
The centaur skeleton hits you but does no damage.
The ten-headed hydra bites you!
The ten-headed hydra closely misses you.
The ten-headed hydra bites you! x2
The ten-headed hydra closely misses you.
The ten-headed hydra bites you but does no damage.
The ten-headed hydra bites you. x2; The ten-headed hydra bites you!
The ten-headed hydra completely misses you.
A water moccasin comes into view.
The centaur skeleton hits you but does no damage.
The orc warrior closely misses you.
You are too injured to fight recklessly!
You are too injured to fight recklessly!
You are too injured to fight recklessly!
You are too injured to fight recklessly!
You are too injured to fight recklessly!
You are too injured to fight recklessly!
You are too injured to fight recklessly!
You are too injured to fight recklessly!
You are too injured to fight recklessly!
You are too injured to fight recklessly!
There is an open door here.
You fail to use your ability.
The ten-headed hydra bites you but does no damage.
The ten-headed hydra completely misses you.
The ten-headed hydra bites you!
* * * LOW HITPOINT WARNING * * *
The ten-headed hydra bites you but does no damage. x3
The ten-headed hydra bites you!
* * * LOW HITPOINT WARNING * * *
The ten-headed hydra bites you!
* * * LOW HITPOINT WARNING * * *
The ten-headed hydra bites you but does no damage.
The ten-headed hydra closely misses you.
Your magical essence is drained by the effort!
You feel much better. The ten-headed hydra misses you. x2
The ten-headed hydra barely misses you. The ten-headed hydra bites you!
* * * LOW HITPOINT WARNING * * *
The ten-headed hydra bites you but does no damage. x2
The ten-headed hydra bites you.
* * * LOW HITPOINT WARNING * * *
The ten-headed hydra closely misses you.
The ten-headed hydra bites you but does no damage.
The ten-headed hydra bites you.
* * * LOW HITPOINT WARNING * * *
The shadow imp shouts, "Flee, thou obnoxious muck-plodding slabber!"
Your magical essence is drained by the effort!
You feel much better.
The ten-headed hydra closely misses you.
The ten-headed hydra bites you.
The ten-headed hydra bites you but does no damage.
The ten-headed hydra closely misses you.
The ten-headed hydra bites you!
* * * LOW HITPOINT WARNING * * *
The ten-headed hydra closely misses you.
The ten-headed hydra bites you!
* * * LOW HITPOINT WARNING * * *
The ten-headed hydra bites you.
* * * LOW HITPOINT WARNING * * *
The ten-headed hydra bites you.
You die...

, ,,
,##.#.....#.###..##.##..#
, , ,#...##.##...#.
#..#..#*. , * #
#.#...#.#.#.##..#..##. , ,
#.......# + ..##[##..# ,**
*,#.#.#...#.#.#.##..#..##.
* ,#...##.##...#. #..#).#
. ,
,##.#.....#.###..##.##..#
, ##..###..## ##.##.##.##
* ##..#@.## ##..#..## , *
, ###D### ###'###, * *,
#.zZ..# ##.#.#.## , * *
#.#.5##.# ##.#.#.#.## #.
#S5. *.###.#.#.#.#.# * #$,
).... .#.#.#.#.#.#. #,
#:)..## ##.#.#.#.#.# ,
',,#)..## , +.#.#.#.#.#. ,
* *#....* ##.#.#.#.#.#


You could see a ten-headed hydra, a water moccasin, a wight, a quasit, a shadow
imp and a centaur skeleton.

Vanquished Creatures
  A hippogriff (D:7)
  A vampire (D:7)
  A hungry ghost (D:7)
  Duvessa (D:4)
  3 orc warriors
  2 sky beasts
  3 ice beasts
  A necrophage (D:7)
  3 ogres
  2 phantoms
  4 centaurs
  2 bullfrogs (D:6)
  Dowan (D:4)
  2 scorpions
  3 crimson imps
  A centaur zombie (D:5)
  2 bullfrog zombies
  4 hounds
  3 orc priests
  6 orc wizards
  2 iguanas
  2 worker ants
  A killer bee zombie (D:7)
  2 hound zombies
  A worker ant zombie (D:7)
  2 hound skeletons
  A howler monkey zombie (D:7)
  9 adders
  4 gnolls (D:5)
  5 river rats (Sewer)
  2 shadow imps
  2 oozes
  3 adder skeletons
  A dart slug (D:1)
  5 leopard geckos
  37 orcs
  5 ball pythons
  2 bats (D:2)
  A goblin (D:3)
  A hobgoblin (D:2)
  4 jackals (D:4)
  4 kobolds
  7 frilled lizards
  A jackal skeleton (D:6)
  A leopard gecko skeleton (D:7)
  A quokka skeleton (D:7)
  16 rats
168 creatures vanquished.

Vanquished Creatures (others)
  A quokka (D:5)
1 creature vanquished.

Grand Total: 169 creatures vanquished

Notes
Turn   | Place    | Note
-------+----------+-------------------------------------------
     0 | D:1      | EnegeticOcto the Deep Dwarf Fighter began the quest for the
                  | Orb.
     0 | D:1      | Reached XP level 1. HP: 20/20 MP: 1/1
   123 | D:1      | Reached XP level 2. HP: 21/27 MP: 2/2
   351 | D:2      | Reached XP level 3. HP: 23/34 MP: 3/3
   552 | D:3      | Reached skill level 3 in Axes
   556 | D:3      | Reached skill level 1 in Dodging
   556 | D:3      | Reached XP level 4. HP: 32/42 MP: 4/4
   588 | D:4      | Noticed a phantom
   591 | D:4      | Noticed an ice beast
   605 | D:4      | Killed an ice beast
   605 | D:4      | Reached XP level 5. HP: 25/50 MP: 5/5
   638 | D:4      | Killed a phantom
   638 | D:4      | Reached skill level 4 in Axes
   638 | D:4      | Reached XP level 6. HP: 40/57 MP: 5/5
   942 | D:4      | Noticed Dowan
   943 | D:4      | Noticed Duvessa
   962 | D:4      | Killed Duvessa
   971 | D:4      | Killed Dowan
   971 | D:4      | Reached XP level 7. HP: 58/66 MP: 5/5
  1049 | D:5      | Entered Level 5 of the Dungeon
  1164 | D:5      | Reached skill level 5 in Axes
  1211 | D:5      | Found a glowing drain.
  1245 | Sewer    | Entered a sewer
  1753 | D:5      | Reached skill level 5 in Fighting
  1804 | D:5      | Found a hazy altar of Hepliaklqana.
  1850 | D:5      | Found a white marble altar of Elyvilon.
  1908 | D:5      | Reached skill level 5 in Armour
  1910 | D:5      | Reached skill level 5 in Shields
  1911 | D:5      | Reached XP level 8. HP: 67/74 MP: 4/4
  1950 | D:5      | Reached skill level 6 in Axes
  2035 | D:5      | Found an ancient bone altar of Kikubaaqudgha.
  2421 | D:6      | Reached skill level 7 in Axes
  2439 | D:6      | Found a staircase to the Ecumenical Temple.
  2454 | Temple   | Entered the Ecumenical Temple
  2724 | Temple   | Became a worshipper of Makhleb the Destroyer
  2880 | D:6      | Reached skill level 1 in Invocations
  3044 | D:6      | Gained mutation: You passively map the area around you.
                  | [Deep Dwarf growth]
  3044 | D:6      | Reached XP level 9. HP: 35/84 MP: 2/4
  3091 | D:6      | Found a snail-covered altar of Cheibriados.
  3421 | D:7      | Reached * piety under Makhleb
  3623 | D:7      | Reached skill level 5 in Dodging
  3682 | D:7      | Identified the +5 battleaxe of Saltpetre {vamp, Int+4 SInv}
  3717 | D:7      | Reached ** piety under Makhleb
  3721 | D:7      | Reached skill level 8 in Axes
  3798 | D:7      | Noticed an eight-headed hydra
  3803 | D:7      | HP: 4/86 [ten-headed hydra (13)]
  3806 | D:7      | HP: 1/86 [ten-headed hydra (6)]
  3806 | D:7      | Slain by a ten-headed hydra

Levels and vault maps discovered:
D:1:      psy_arrival_statuary, layout_loops_ring, roderic_lattice_a
D:2:      layout_loops_cross, first_ration, uniq_natasha
D:3:      layout_loops_ring, minmay_misc_feat_tower, grunt_ministairs_6,
          uniq_crazy_yiuf_cottage, uniq_terence
D:4:      layout_cave_pools, uniq_duvessa
D:5:      layout_loops_ring, kennysheep_mini_moat, portal_sewer_entry_d,
          basic_altar, elyvilon_altar_4
D:6:      wander_river, layout_cave_pods, overflow_temple_1_default,
          minmay_temple_entry_wispy, chequers_avenue
D:7:      minmay_the_grid_octo_2x2 [minmay_the_grid_octo_checkered,
          minmay_the_grid_octo_checkerflower, minmay_the_grid_octo_focus,
          minmay_the_grid_octo_prize_ultimate_mussel_roller], layout_basic,
          gammafunk_ghost_smash
Temple:   oiseaux_autumnal_temple

Skill      XL: |  1  2  3  4  5  6  7  8  9 |
---------------+----------------------------+-----
Fighting       | 3 4 5 6 7 |  7.2
Axes           | 3 4 5 7 8 |  8.3
Dodging        | 1 2 3 4 5 |  5.3
Shields        | 4 5 6 |  6.3
Armour         | 4 5 6 |  6.5
Invocations    | 1 4 |  4.9

Action                   |  1- 3 |  4- 6 |  7- 9 || total
-------------------------+-------+-------+-------++-------
Melee: War axe           |    96 |    91 |   474 ||   661
       Battleaxe         |       |       |    17 ||    17
 Abil: Heal Wounds       |     1 |     4 |    26 ||    31
  Use: Scroll            |       |       |    10 ||    10
       Potion            |       |       |     1 ||     1
  Eat: Chunk             |       |     1 |    15 ||    16
Armor: Scale mail        |     4 |       |       ||     4
       Chain mail        |    56 |    69 |   316 ||   441
Dodge: Dodged            |    34 |    32 |   182 ||   248
Block: Kite shield       |    63 |    69 |   314 ||   446

Table legend:
 A = Non-vault XP
 B = Vault XP
 C = Vault XP percentage of total XP
 D = Non-vault monster count
 E = Vault monster count
 F = Vault count percentage of total count
                 A         B        C        D         E       F
            +---------+---------+-------+---------+---------+-------
      Total |    3603 |    1397 |  27.9 |     127 |      41 |  24.4
            +---------+---------+-------+---------+---------+-------
        D:1 |      16 |       0 |   0.0 |       8 |       0 |   0.0
        D:2 |      44 |       0 |   0.0 |      14 |       0 |   0.0
        D:3 |      23 |      46 |  66.7 |       4 |       2 |  33.3
        D:4 |     388 |     234 |  37.6 |      21 |       2 |   8.7
        D:5 |     780 |      14 |   1.8 |      23 |       1 |   4.2
        D:6 |    1278 |       0 |   0.0 |      31 |       0 |   0.0
        D:7 |    1074 |     992 |  48.0 |      26 |      13 |  33.3
      Sewer |       0 |     111 | 100.0 |       0 |      23 | 100.0
            +---------+---------+-------+---------+---------+-------
